TOP OF THE 1ST |
Kansas City Kings batting - Pitching for Houston Marshals : LHP Stan Aldridge
|
Pitching: LHP Stan Aldridge
|
|
Batting: LHB Bruno Lalonde
|
0-0: SINGLE (Line Drive, 6M)
|
Batting: LHB Ray Spencer
|
0-0: Called Strike 0-1: Called Strike 0-2: Ball 1-2: Grounds into double play, 4-6-3 (Groundball, 4)
|
Batting: RHB Toshimichi Kono
|
0-0: Called Strike 0-1: Ball 1-1: Foul Ball, location: 2F 1-2: SINGLE (Line Drive, 6M)
|
Batting: RHB Chris Chandler
|
0-0: Ball 1-0: Ball 2-0: Called Strike 2-1: Fly out, F9 (Line Drive, 9S)
|
Top of the 1st over - 0 run(s), 2 hit(s), 0 error(s), 1 left on base; Kansas City 0 - Houston 0 |
BOTTOM OF THE 1ST |
Houston Marshals batting - Pitching for Kansas City Kings : RHP Ron Young
|
Pitching: RHP Ron Young
|
|
Batting: RHB Jim Tracy
|
0-0: Ball 1-0: Swinging Strike 1-1: Swinging Strike 1-2: Strikes out swinging
|
Batting: LHB John Peterson
|
0-0: Called Strike 0-1: Swinging Strike 0-2: Ball 1-2: Ball 2-2: Ball 3-2: Base on Balls
|
Batting: LHB Lewis Barr
|
0-0: Ball 1-0: Ball 2-0: Called Strike 2-1: Ball 3-1: Called Strike 3-2: Strikes out swinging
|
Batting: LHB Matt Smith
|
0-0: Ball 1-0: Called Strike 1-1: Called Strike 1-2: Strikes out looking
|
Bottom of the 1st over - 0 run(s), 0 hit(s), 0 error(s), 1 left on base; Kansas City 0 - Houston 0 |
TOP OF THE 2ND |
Kansas City Kings batting - Pitching for Houston Marshals : LHP Stan Aldridge
|
Batting: LHB Luis González
|
0-0: Ball 1-0: Ball 2-0: Foul Ball, location: 2F 2-1: Foul Ball, location: 2F 2-2: Ground out U3 (Groundball, 3)
|
Batting: RHB Dave Parker
|
0-0: Called Strike 0-1: Ball 1-1: Foul Ball, location: 2F 1-2: Strikes out swinging, 2-3 out at first.
|
Batting: SHB Douglas Taylor
|
0-0: Fly out, F7 (Flyball, 7)
|
Top of the 2nd over - 0 run(s), 0 hit(s), 0 error(s), 0 left on base; Kansas City 0 - Houston 0 |
BOTTOM OF THE 2ND |
Houston Marshals batting - Pitching for Kansas City Kings : RHP Ron Young
|
Batting: LHB José Rodríguez
|
0-0: Ball 1-0: Ball 2-0: Called Strike 2-1: Ball 3-1: Called Strike 3-2: Strikes out swinging
|
Batting: RHB David Murray
|
0-0: Ball 1-0: Ball 2-0: Foul Ball, location: 2F 2-1: SINGLE (Groundball, 6MD)
|
Batting: RHB Gregg Nelson
|
0-0: Ball 1-0: Ball 2-0: Foul Ball, location: 2F 2-1: Foul Ball, location: 2F 2-2: Strikes out looking
|
Batting: RHB Gustavo Díaz
|
0-0: Ball 1-0: Called Strike David Murray steals 2nd base 1-1: Ball 2-1: Ground out 6-3 (Groundball, 56)
|
Bottom of the 2nd over - 0 run(s), 1 hit(s), 0 error(s), 1 left on base; Kansas City 0 - Houston 0 |
TOP OF THE 3RD |
Kansas City Kings batting - Pitching for Houston Marshals : LHP Stan Aldridge
|
Batting: LHB Howard Lambert
|
0-0: Fly out, F5 (Popup, 5L)
|
Batting: SHB António De La Cruz
|
0-0: Fly out, F8 (Flyball, 8LM)
|
Batting: LHB Bruno Lalonde
|
0-0: Ball 1-0: Called Strike 1-1: Called Strike 1-2: Strikes out swinging
|
Top of the 3rd over - 0 run(s), 0 hit(s), 0 error(s), 0 left on base; Kansas City 0 - Houston 0 |
BOTTOM OF THE 3RD |
Houston Marshals batting - Pitching for Kansas City Kings : RHP Ron Young
|
Batting: RHB Sadao Kimura
|
0-0: Foul Ball, location: 2F 0-1: Ground out 6-3 (Groundball, 6)
|
Batting: RHB Jim Tracy
|
0-0: Ball 1-0: Ball 2-0: Swinging Strike 2-1: Ground out 4-3 (Groundball, 4MS)
|
Batting: LHB John Peterson
|
0-0: Ball 1-0: Ball 2-0: Ball 3-0: Called Strike 3-1: Base on Balls
|
Batting: LHB Lewis Barr
|
0-0: Ball 1-0: Called Strike 1-1: Foul Ball, location: 2F 1-2: Ball 2-2: Strikes out looking
|
Bottom of the 3rd over - 0 run(s), 0 hit(s), 0 error(s), 1 left on base; Kansas City 0 - Houston 0 |
TOP OF THE 4TH |
Kansas City Kings batting - Pitching for Houston Marshals : LHP Stan Aldridge
|
Batting: LHB Ray Spencer
|
0-0: Ball 1-0: Called Strike 1-1: Called Strike 1-2: Ball 2-2: Ground out U3 (Groundball, 3)
|
Batting: RHB Toshimichi Kono
|
0-0: Ball 1-0: Ball 2-0: SINGLE (Groundball, 6D)
|
Batting: RHB Chris Chandler
|
0-0: Ball 1-0: Foul Ball, location: 2F 1-1: Foul Ball, location: 2F 1-2: Strikes out swinging
|
Batting: LHB Luis González
|
0-0: Swinging Strike 0-1: Ground out U3 (Groundball, 3)
|
Top of the 4th over - 0 run(s), 1 hit(s), 0 error(s), 1 left on base; Kansas City 0 - Houston 0 |
BOTTOM OF THE 4TH |
Houston Marshals batting - Pitching for Kansas City Kings : RHP Ron Young
|
Batting: LHB Matt Smith
|
0-0: Swinging Strike 0-1: Foul Ball, location: 2F 0-2: Fly out, F6 (Popup, 5D)
|
Batting: LHB José Rodríguez
|
0-0: Foul Ball, location: 2F 0-1: Swinging Strike 0-2: Ball 1-2: Foul Ball, location: 2F 1-2: Strikes out swinging
|
Batting: RHB David Murray
|
0-0: Foul Ball, location: 2F 0-1: Foul Ball, location: 2F 0-2: Ball 1-2: Ball 2-2: Ball 3-2: Ground out 4-3 (Groundball, 4)
|
Bottom of the 4th over - 0 run(s), 0 hit(s), 0 error(s), 0 left on base; Kansas City 0 - Houston 0 |
TOP OF THE 5TH |
Kansas City Kings batting - Pitching for Houston Marshals : LHP Stan Aldridge
|
Batting: RHB Dave Parker
|
0-0: Foul Ball, location: 2F 0-1: Fly out, F7 (Flyball, 7S)
|
Batting: SHB Douglas Taylor
|
0-0: Ball 1-0: Swinging Strike 1-1: Swinging Strike 1-2: Ground out 4-3 (Groundball, 4)
|
Batting: LHB Howard Lambert
|
0-0: Ball 1-0: Foul Ball, location: 2F 1-1: Ball 2-1: Ball 3-1: Base on Balls
|
Batting: SHB António De La Cruz
|
0-0: Called Strike 0-1: Ball 1-1: Called Strike 1-2: SINGLE (Flyball, 9LS) Howard Lambert to second Howard Lambert to third
|
Batting: LHB Bruno Lalonde
|
0-0: Called Strike 0-1: Foul Ball, location: 2F 0-2: Foul Ball, location: 2F 0-2: Ball 1-2: Foul Ball, location: 2F 1-2: Ball 2-2: Foul Ball, location: 2F 2-2: DOUBLE (Flyball, 78D) Howard Lambert scores António De La Cruz to third
|
Batting: LHB Ray Spencer
|
0-0: Called Strike 0-1: Fly out, F3 (Line Drive, 3)
|
Top of the 5th over - 1 run(s), 2 hit(s), 0 error(s), 2 left on base; Kansas City 1 - Houston 0 |
BOTTOM OF THE 5TH |
Houston Marshals batting - Pitching for Kansas City Kings : RHP Ron Young
|
Batting: RHB Gregg Nelson
|
0-0: Ball 1-0: Called Strike 1-1: Foul Ball, location: 2F 1-2: Fly out, F4 (Line Drive, 4M)
|
Batting: RHB Gustavo Díaz
|
0-0: Fly out, F8 (Flyball, 8RM)
|
Batting: RHB Sadao Kimura
|
0-0: Ball 1-0: Swinging Strike 1-1: Called Strike 1-2: Ball 2-2: Foul Ball, location: 2F 2-2: Ball 3-2: Strikes out swinging
|
Bottom of the 5th over - 0 run(s), 0 hit(s), 0 error(s), 0 left on base; Kansas City 1 - Houston 0 |
TOP OF THE 6TH |
Kansas City Kings batting - Pitching for Houston Marshals : LHP Stan Aldridge
|
Batting: RHB Toshimichi Kono
|
0-0: Swinging Strike 0-1: Ball 1-1: Ball 2-1: Ball 3-1: Ground out 4-3 (Groundball, 4D)
|
Batting: RHB Chris Chandler
|
0-0: Called Strike 0-1: Ground out 5-3 (Groundball, 56)
|
Batting: LHB Luis González
|
0-0: Foul Ball, location: 2F 0-1: Ground out 6-3 (Groundball, 56)
|
Top of the 6th over - 0 run(s), 0 hit(s), 0 error(s), 0 left on base; Kansas City 1 - Houston 0 |
BOTTOM OF THE 6TH |
Houston Marshals batting - Pitching for Kansas City Kings : RHP Ron Young
|
Batting: RHB Jim Tracy
|
0-0: Ball 1-0: Foul Ball, location: 2F 1-1: Foul Ball, location: 2F 1-2: Ground out 5-3 (Groundball, 56S)
|
Batting: LHB John Peterson
|
0-0: Called Strike 0-1: Ground out 4-3 (Groundball, 4)
|
Batting: LHB Lewis Barr
|
0-0: Swinging Strike 0-1: Ball 1-1: Foul Ball, location: 2F 1-2: Ball 2-2: Strikes out swinging
|
Bottom of the 6th over - 0 run(s), 0 hit(s), 0 error(s), 0 left on base; Kansas City 1 - Houston 0 |
TOP OF THE 7TH |
Kansas City Kings batting - Pitching for Houston Marshals : LHP Stan Aldridge
|
Batting: RHB Dave Parker
|
0-0: Ball 1-0: Ball 2-0: SINGLE (Line Drive, 56D)
|
Batting: SHB Douglas Taylor
|
0-0: Called Strike 0-1: Ball 1-1: Bunted foul 1-2: Grounds into double play, 6-4-3 (Groundball, 6)
|
Batting: LHB Howard Lambert
|
0-0: Called Strike 0-1: Fly out, F9 (Flyball, 89D)
|
Top of the 7th over - 0 run(s), 1 hit(s), 0 error(s), 0 left on base; Kansas City 1 - Houston 0 |
BOTTOM OF THE 7TH |
Houston Marshals batting - Pitching for Kansas City Kings : RHP Ron Young
|
Batting: LHB Matt Smith
|
0-0: Fly out, F8 (Flyball, 8RD)
|
Batting: LHB José Rodríguez
|
0-0: Foul Ball, location: 2F 0-1: Foul Ball, location: 2F 0-2: Ball 1-2: Foul Ball, location: 2F 1-2: Ball 2-2: Foul Ball, location: 2F 2-2: Ball 3-2: Foul Ball, location: 2F 3-2: SINGLE (Line Drive, 4MD)
|
Pitching: RHP Mike Hodges
|
|
Batting: RHB David Murray
|
0-0: Ball 1-0: Fly out, F7 (Line Drive, 7)
|
Batting: RHB Gregg Nelson
|
0-0: Ball 1-0: Fielders Choice at 2nd, 6-4 (Groundball, 6)
|
Bottom of the 7th over - 0 run(s), 1 hit(s), 0 error(s), 0 left on base; Kansas City 1 - Houston 0 |
TOP OF THE 8TH |
Kansas City Kings batting - Pitching for Houston Marshals : LHP Stan Aldridge
|
Batting: SHB António De La Cruz
|
0-0: Ball 1-0: Foul Ball, location: 2F 1-1: Ball 2-1: Called Strike 2-2: Ground out 6-3 (Groundball, 6)
|
Batting: LHB Bruno Lalonde
|
0-0: Swinging Strike 0-1: Swinging Strike 0-2: Ball 1-2: Ball 2-2: Strikes out looking
|
Batting: LHB Ray Spencer
|
0-0: Foul Ball, location: 2F 0-1: Ball 1-1: Ball 2-1: Ball 3-1: Foul Ball, location: 2F 3-2: SINGLE (Flyball, 8RS)
|
Pitching: LHP Alfonso Ramos
|
|
Batting: RHB Toshimichi Kono
|
0-0: Called Strike 0-1: Foul Ball, location: 2F 0-2: Ball 1-2: Fly out, F8 (Line Drive, 8LD)
|
Top of the 8th over - 0 run(s), 1 hit(s), 0 error(s), 1 left on base; Kansas City 1 - Houston 0 |
BOTTOM OF THE 8TH |
Houston Marshals batting - Pitching for Kansas City Kings : RHP Mike Hodges
|
Batting: RHB Gustavo Díaz
|
0-0: Called Strike 0-1: Ball 1-1: Ball 2-1: Fly out, F9 (Flyball, 89XD)
|
Batting: RHB Sadao Kimura
|
0-0: Called Strike 0-1: Called Strike 0-2: Ball 1-2: Strikes out swinging
|
Batting: RHB Jim Tracy
|
0-0: Called Strike 0-1: Ball 1-1: Foul Ball, location: 2F 1-2: Ball 2-2: Ball 3-2: Foul Ball, location: 2F 3-2: Fly out, F8 (Flyball, 8RS)
|
Bottom of the 8th over - 0 run(s), 0 hit(s), 0 error(s), 0 left on base; Kansas City 1 - Houston 0 |
TOP OF THE 9TH |
Kansas City Kings batting - Pitching for Houston Marshals : LHP Alfonso Ramos
|
Pitching: RHP Edward Cadle
|
|
Batting: RHB Chris Chandler
|
0-0: Called Strike 0-1: Foul Ball, location: 2F 0-2: Strikes out swinging
|
Batting: LHB Luis González
|
0-0: Called Strike 0-1: Fly out, F8 (Flyball, 8LM)
|
Batting: RHB Dave Parker
|
0-0: Swinging Strike 0-1: Swinging Strike 0-2: Ball 1-2: Foul Ball, location: 2F 1-2: Ball 2-2: Ball 3-2: Strikes out swinging
|
Top of the 9th over - 0 run(s), 0 hit(s), 0 error(s), 0 left on base; Kansas City 1 - Houston 0 |
BOTTOM OF THE 9TH |
Houston Marshals batting - Pitching for Kansas City Kings : RHP Mike Hodges
|
Pitching: RHP Alberto Bonilla
|
|
Batting: LHB John Peterson
|
0-0: Ball 1-0: Ball 2-0: Called Strike 2-1: Called Strike 2-2: Strikes out looking
|
Batting: LHB Lewis Barr
|
0-0: Ball 1-0: Ball 2-0: Foul Ball, location: 2F 2-1: Called Strike 2-2: Foul Ball, location: 2F 2-2: Foul Ball, location: 2F 2-2: Strikes out swinging
|
Batting: LHB Matt Smith
|
0-0: Swinging Strike 0-1: Foul Ball, location: 2F 0-2: Ground out 4-3 (Groundball, 4)
|
Bottom of the 9th over - 0 run(s), 0 hit(s), 0 error(s), 0 left on base; Kansas City 1 - Houston 0 |
|